 Dungeon Crawl Stone Soup version 0.31-a0-331-geda263fcf1 (console) character file.

Game seed: 8035768155376390519

9 petzl the Sneak (level 2, 0/24 HPs)
             Began as a Formicid Delver on July 19, 2023.
             Slain by an adder (3 damage)
             ... on level 3 of the Dungeon.
             The game lasted 00:04:26 (592 turns).

petzl the Sneak (Formicid Delver)                    Turns: 592, Time: 00:04:27

Health: 0/24       AC:  3    Str: 16    XL:     2   Next: 25%
Magic:  2/2        EV: 11    Int:  9    God:
Gold:   41         SH:  4    Dex: 15    Spells: 1/1 levels left

rFire   . . .        b - +0 mace
rCold   . . .        g - +0 buckler
rNeg    . . .        k - +0 leather armour
rPois   .            (helmet unavailable)
rElec   .            (no cloak)
rCorr   .            (no gloves)
SInv    +            (no boots)
Will    .....        (no amulet)
Stlth   +++          (no ring)
HPRegen 0.24/turn    (no ring)
MPRegen 0.08/turn

%: no passive effects
@: no status effects
A: permanent stasis, dig shafts and tunnels, antennae 3, four strong arms
a: Dig, Shaft Self


You were on level 3 of the Dungeon.
You visited 1 branch of the dungeon, and saw 5 of its levels.

You collected 63 gold pieces.
You spent 22 gold pieces at shops.

Inventory:

Hand Weapons
 a - a +0 sling
 b - a +0 mace (weapon)
Armour
 g - a +0 buckler (worn)
 k - a +0 leather armour (worn)
Magical Staves
 h - a staff of cold
Wands
 f - a wand of digging (3)
Scrolls
 d - a scroll of revelation
 i - 2 scrolls of identify
 l - a scroll of poison {unknown}
Potions
 c - a potion of heal wounds {unknown}
 e - a potion of cancellation {unknown}
 j - a potion of haste {unknown}


   Skills:
 + Level 3.3 Fighting
 - Level 2.0 Maces & Flails
 * Level 0.7 Ranged Weapons
 + Level 0.4 Armour
 + Level 1.9 Dodging
 + Level 6.0 Stealth
 + Level 0.5 Shields
 + Level 0.2 Spellcasting


You had one spell level left.
You didn't know any spells.
Your spell library was empty.

Dungeon Overview and Level Annotations

Branches:
Dungeon (7/15)
 Temple: D:4-7

Altars:

Shops:
D:6 *

Annotations:
D:4 exclusion: downstairs
D:6 1 transporter, exclusion: upstairs


Innate Abilities, Weirdness & Mutations

You cannot be hasted, slowed, berserked, paralysed or teleported.
You can dig through walls and to a lower floor.
You have a pair of large antennae on your head. (SInv)
Your four strong arms can wield two-handed weapons with a shield.


Message History

The adder poisons you!
You sock the adder!
The adder is almost dead.
You feel sick. The adder barely misses you.
The adder bites you but does no damage.
You barely miss the adder.
The adder is almost dead.
You feel sick. The adder bites you but does no damage.
You block the adder's attack.
You barely miss the adder.
The adder is almost dead.
You feel sick. The adder bites you.
You hit the adder but do no damage.
The adder is almost dead.
You feel sick. The adder misses you. The adder bites you.
You are more poisoned.
The adder poisons you!
You hit the adder but do no damage.
The adder is severely wounded.
You feel sick. The adder bites you but does no damage.
The adder closely misses you.
You closely miss the adder.
The adder is severely wounded.
You feel sick. You block the adder's attack. The adder barely misses you.
You barely miss the adder.
The adder is severely wounded.
You feel sick. You block the adder's attack.
You closely miss the adder.
The adder is severely wounded.
You feel sick. The adder bites you.
* * * LOW HITPOINT WARNING * * *
The adder barely misses you.
Unknown command.
Unknown command.
Unknown command.
Unknown command.
Okay, then.
You closely miss the adder.
The adder is severely wounded.
You feel sick.
You are no longer poisoned.
The adder barely misses you. The adder bites you.
You die...

##########
#........# {
#.######.# #
#.# #.# ..# #.#
#.########...$.
#.#
#.....@S.......
#.#
##########[....
#.# ..# #.### ,
# #...# ###.#
#.########
#.........
#.######## #.#
#.# #.# #.# #.#
#.# #.# ##.#
#..# #..#


You could see an adder.

Vanquished Creatures
  An orc (D:4)
  2 endoplasms
  2 goblins (D:4)
  2 hobgoblins (D:4)
7 creatures vanquished.

Notes
Turn   | Place    | Note
-------+----------+-------------------------------------------
     0 | D:5      | petzl the Formicid Delver began the quest for the Orb.
     0 | D:5      | Reached XP level 1. HP: 18/18 MP: 1/1
    22 | D:6      | Found a transporter.
    28 | D:6      | Found Vuissave's General Store.
    63 | D:7      | Noticed an iguana
   130 | D:6      | Noticed an iron imp
   135 | D:5      | Noticed an ogre
   165 | D:6      | Bought a scroll of identify for 22 gold pieces
   198 | D:5      | Noticed an ogre
   198 | D:5      | Noticed an ogre
   202 | D:5      | Noticed a phantom
   370 | D:4      | Noticed an iguana
   451 | D:4      | Reached XP level 2. HP: 22/24 MP: 2/2
   592 | D:3      | Slain by an adder

Illustrated notes

Levels and vault maps discovered:
D:3:      layout_loops_ring
D:4:      layout_loops_ring
D:5:      layout_basic, mainiacjoe_overflow_boulevard,
          mainiacjoe_overflow_chevrons, mainiacjoe_overflow_swirl, uniq_ijyb
D:6:      layout_basic, serial_shops, shop, gammafunk_ghost_abyssal_escape,
          hangedman_decor_opposing
D:7:      layout_rooms, riverfiend_overflow_shadow_ancestor, minitemple,
          minmay_temple_entry_fiery, gammafunk_ghost_smash, enter_bailey_2,
          corexii_leaking_fountain, st_stairs_4, uniq_menkaure

Action                     || total
---------------------------++-------
  Melee: Mace              ||    26
   Fire: Sling             ||    17
    Use: Scroll            ||     2
 Armour: Leather armour    ||     9
  Dodge: Dodged            ||    18
  Block: Buckler           ||     6

Table legend: (Time is in decaauts)
 A = Elapsed time spent in this place.
 B = Non-inter-level travel time spent in this place.
 C = Inter-level travel time spent in this place.
 D = Time resting spent in this place.
 E = Time spent auto-exploring this place.
 F = Levels seen in this place.
 G = Mean time per level.
                   A        B        C        D        E       F      G
               +--------+--------+--------+--------+--------+-----+--------+
         Total |    605 |    589 |     16 |     36 |     91 |   5 |  121.0 |
       Dungeon |    605 |    589 |     16 |     36 |     91 |   5 |  121.0 |
               +--------+--------+--------+--------+--------+-----+--------+

Top non-repeatable levels by time:
     D:4: 306 daAuts
     D:6: 154 daAuts
     D:3: 94 daAuts
     D:5: 48 daAuts
     D:7: 1 daAuts
